 Dungeon Crawl Stone Soup version 0.18.1-48-g4cf74bf (webtiles) character file.

203 Flubber the Conjurer (level 5, -7/39 HPs)
             Began as a Demonspawn Conjurer on Aug 22, 2016.
             Shot with an arrow by a centaur (9 damage)
             ... on level 4 of the Dungeon.
             The game lasted 00:13:08 (3110 turns).

Flubber the Conjurer (Demonspawn Conjurer)          Turns: 3110, Time: 00:13:09

Health: -7/39      AC:  6    Str:  8    XL:     5   Next: 51%
Magic:  4/9        EV: 12    Int: 18    God:
Gold:   144        SH:  0    Dex: 13    Spells: 1 memorised, 9 levels left

rFire  . . .     SeeInvis .     o - +0 dagger
rCold  . . .     Gourm    .     l - +0 leather armour
rNeg   . . .     Faith    .     (no shield)
rPois  .         Spirit   .     (no helmet)
rElec  .         Dismiss  .     (no cloak)
rCorr  .         Reflect  .     (no gloves)
SustAt .         Harm     .     (no boots)
MR     .....                    (no amulet)
Stlth  ++........               (no ring)
                                (no ring)

@: not resistant to hostile enchantments, unstealthy
A: talons 1, slimy green scales 2
a: no special abilities


You were on level 4 of the Dungeon.
You were hungry.

You visited 1 branch of the dungeon, and saw 4 of its levels.

You collected 144 gold pieces.

Inventory:

Hand Weapons
 h - a +0 whip
 o - a +0 dagger (weapon)
Armour
 a - a +0 robe
 l - a +0 leather armour (worn)
Wands
 r - a wand of polymorph (13/24)
Scrolls
 d - a scroll of remove curse
 e - 2 scrolls of identify
 j - a scroll of enchant armour {unknown}
 n - a scroll of fear {unknown}
 q - a scroll of recharging {unknown}
Potions
 p - a potion of magic
 s - a potion of cure mutation
 u - a potion of lignification
Books
 b - a book of Conjurations

   Spells                             Type                      Level
   a - Magic Dart                     Conjuration                  1
   b - Searing Ray                    Conjuration                  2
   c - Dazzling Spray                 Conjuration/Hexes            3
   d - Fulminant Prism                Conjuration/Hexes            4
   e - Iskenderun's Mystic Blast      Conjuration                  4
   f - Iskenderun's Battlesphere      Conjuration/Charms           5
 f - a book of the Tempests

   Spells                             Type                      Level
   a - Static Discharge               Conjuration/Air              3
   b - Lightning Bolt                 Conjuration/Air              5
   c - Fireball                       Conjuration/Fire             5
   d - Tornado                        Air                          9
   e - Shatter                        Earth                        9
Miscellaneous
 k - a plain deck of summoning {drawn: 1}
Comestibles
 c - 4 bread rations
 g - a beef jerky
 i - 4 meat rations
 t - a slice of pizza


   Skills:
 + Level 2.6 Fighting
 + Level 1.5 Armour
 - Level 3.1 Dodging
 - Level 1.7 Stealth
 - Level 3.0 Spellcasting
 + Level 4.2 Conjurations


You had 9 spell levels left.
You knew the following spells:

 Your Spells              Type           Power        Failure   Level  Hunger
a - Magic Dart            Conj           ###.         4%          1    None


Dungeon Overview and Level Annotations

Branches:
Dungeon (4/15)
 Temple: D:4-7

Altars:
Fedhas
Nemelex Xobeh

Annotations:
D:2 Natasha


Innate Abilities, Weirdness & Mutations

You have sharp toenails.
You are mostly covered in slimy green scales (AC +3).


Message History

It was a scroll of immolation.
The gnoll hits you with a whip!
Read which item? (? for menu, Esc to quit)
As you read the scroll of immolation, it crumbles to dust.
The creatures around you are filled with an inner flame!
The centaur unwields an uncursed shortbow.
The centaur hits you.
* * * LOW HITPOINT WARNING * * *
The gnoll barely misses you.
Read which item? (? for menu, Esc to quit)
As you read the scroll labeled DAULYTO QEYPAPP, it crumbles to dust.
You feel blessed for a moment.
It was a scroll of remove curse.
The centaur barely misses you. The gnoll hits you but does no damage.
The gnoll hits you from afar with a spear.
* * * LOW HITPOINT WARNING * * *
You slip out of the net!
The centaur hits you!
* * * LOW HITPOINT WARNING * * *
The centaur misses you. The gnoll barely misses you. x2
The centaur wields an uncursed shortbow.
The centaur shoots an arrow.
The arrow hits you!
You die...

..## ...# ....#
...## ....# ....#
.... # ....## ##...
.# .....# #... ..##
.....##### #..
..%.. ##.......####
#.#.....#
#######....####@..#
####....(..##
####cg### #g.#
.#..# .....#
....... .......!#
.........#


You could see a centaur (inner flame) and 2 gnolls.

Vanquished Creatures
  A centaur skeleton (D:4)
  A gnoll (D:4)
  A river rat (D:3)
  6 adders
  2 oozes
  4 worms
  3 dart slugs
  4 giant geckos
  2 orcs (D:3)
  3 giant cockroaches
  5 goblins
  4 hobgoblins
  6 jackals
  A quokka (D:2)
  2 ball pythons
  3 bats
  3 giant newts
  7 kobolds
  7 rats
65 creatures vanquished.

Vanquished Creatures (collateral kills)
  An ooze (D:1)
  A dart slug (D:1)
  A giant gecko (D:1)
  4 jackals (D:1)
  A giant newt (D:1)
  A kobold (D:1)
9 creatures vanquished.

Grand Total: 74 creatures vanquished

Notes
Turn   | Place    | Note
--------------------------------------------------------------
     0 | D:1      | Flubber the Demonspawn Conjurer began the quest for the Orb.
     0 | D:1      | Reached XP level 1. HP: 13/13 MP: 3/3
   161 | D:1      | Found a sparkling altar of Nemelex Xobeh.
   172 | D:1      | Gained mutation: You have sharp toenails. [demonic ancestry]
   172 | D:1      | Reached XP level 2. HP: 11/19 MP: 0/5
   524 | D:1      | Gained mutation: You are partially covered in slimy green scales (AC +2). [demonic ancestry]
   524 | D:1      | Reached XP level 3. HP: 25/25 MP: 0/7
   936 | D:2      | Reached skill level 1 in Fighting
  1004 | D:2      | Reached XP level 4. HP: 13/32 MP: 1/8
  1444 | D:2      | Noticed Natasha
  1794 | D:3      | Found a blossoming altar of Fedhas.
  2425 | D:3      | Reached skill level 1 in Armour
  2425 | D:3      | Gained mutation: You are mostly covered in slimy green scales (AC +3). [demonic ancestry]
  2425 | D:3      | Reached XP level 5. HP: 26/38 MP: 1/9
  3100 | D:4      | Noticed a centaur
  3110 | D:4      | Shot with an arrow by a centaur

Skill      XL: |  1  2  3  4 |
---------------+-------------+-----
Dodging        | 2 3 |  3.1
Fighting       | 1 2 |  2.6
Spellcasting   | 3 |  3.0
Armour         | 1 |  1.5
Stealth        | |  1.7
Conjurations   | |  4.2

Action                   |  1- 3 |  4- 6 || total
-------------------------+-------+-------++-------
Melee: Unarmed           |    71 |       ||    71
       Kick              |    16 |    13 ||    29
       Whip              |     9 |       ||     9
       Dagger            |    16 |    65 ||    81
 Cast: Magic Dart        |    44 |   105 ||   149
Evoke: Deck              |     1 |       ||     1
  Use: Potion            |     3 |     2 ||     5
       Scroll            |       |     5 ||     5
 Stab: Sleeping          |       |     1 ||     1
  Eat: Chunk             |     1 |     6 ||     7
Armor: Leather armour    |    27 |    23 ||    50
Dodge: Dodged            |    64 |    47 ||   111
